 Dungeon Crawl Stone Soup version 0.23-a0-49-gd9f7a49 (webtiles) character file.

48 BigChef the Skirmisher (level 3, 0/29 HPs)
             Began as a Demonspawn Berserker on Aug 6, 2018.
             Was a Believer of Trog.
             Succumbed to an adder's poison
             ... on level 2 of the Dungeon.
             The game lasted 00:02:09 (1023 turns).

BigChef the Skirmisher (Demonspawn Berserker)       Turns: 1023, Time: 00:02:10

Health: 0/29       AC:  5    Str: 18    XL:     3   Next: 50%
Magic:  3/3        EV: 12    Int:  8    God:    Trog [**....]
Gold:   84         SH:  0    Dex: 12    Spells: 2/2 levels left

rFire    . . .     SeeInvis .   a - +0 hand axe
rCold    . . .     Gourm    .   (no shield)
rNeg     . . .     Faith    .   b - +0 animal skin
rPois    .         Spirit   .   (no helmet)
rElec    .         Reflect  .   (no cloak)
rCorr    .         Harm     .   g - +2 pair of gloves
MR       .....                  (no boots)
Stlth    +.........             (no amulet)
HPRegen  0.09/turn              (no ring)
MPRegen  0.08/turn              (no ring)

@: lethally poisoned (0 -> -3), flying
A: hooves 1
a: Berserk, Trog's Hand, Renounce Religion


You were on level 2 of the Dungeon.
You worshipped Trog.
Trog was pleased with you.
You were hungry.

You visited 1 branch of the dungeon, and saw 2 of its levels.

You collected 84 gold pieces.

Inventory:

Hand Weapons
 a - a +0 hand axe (weapon)
Armour
 b - a +0 animal skin (worn)
 g - a +2 pair of gloves (worn)
Scrolls
 d - a scroll of enchant armour
Comestibles
 c - 4 rations


   Skills:
 + Level 3.5 Fighting
 + Level 3.4 Axes
 + Level 2.0 Armour
 + Level 2.0 Dodging
 + Level 0.5 Stealth


You had 2 spell levels left.
You didn't know any spells.
Your spell library was empty.

Dungeon Overview and Level Annotations

Branches:
Dungeon (2/15)

Altars:


Innate Abilities, Weirdness & Mutations

You have large cloven feet.


Message History

The bat misses you. The adder bites you.
* * * LOW HITPOINT WARNING * * *
You hit the bat. You kick the bat.
You kill the bat!
Trog accepts your kill.
You hit the adder. The adder bites you but does no damage.
The adder barely misses you.
You barely miss the adder. You kick the adder.
The adder is moderately wounded.
You completely miss the adder. The adder barely misses you. x2
The adder bites you but does no damage.
You are feeling hungry.
You hit the adder. You kick the adder, but do no damage.
The adder is severely wounded.
You miss the adder. The adder bites you but does no damage.
The adder barely misses you. The adder completely misses you.
You miss the adder. You kick the adder.
The adder is severely wounded.
You closely miss the adder.
You die...

#.....#
..... ..(..
... ... #.#
#.# #@##
#SS# ##g# #
#g# #. #.#
#. #### #.#
#####.###...
#.#
............
#.#
####........
#.#
#..#.....


You could see 2 adders and 2 hobgoblins.

Vanquished Creatures
  An adder (D:2)
  7 giant cockroaches
  4 goblins (D:1)
  4 hobgoblins
  2 jackals (D:1)
  6 bats
  5 kobolds
  9 rats (D:1)
38 creatures vanquished.

Notes
Turn   | Place    | Note
-------+----------+-------------------------------------------
     0 | D:1      | BigChef the Demonspawn Berserker began the quest for the Orb.
     0 | D:1      | Reached XP level 1. HP: 18/18 MP: 1/1
    77 | D:1      | Gained mutation: You have large cloven feet. [demonic ancestry]
    77 | D:1      | Reached XP level 2. HP: 21/24 MP: 2/2
   539 | D:1      | Reached ** piety under Trog
   542 | D:1      | Reached XP level 3. HP: 16/29 MP: 3/3
  1019 | D:2      | HP: 1/29 [adder (2)]
  1023 | D:2      | Succumbed to an adder's poison

Vault maps used:
D:1:      onia_arrival_larder
D:2:      minitemple, first_ration

Skill      XL: |  1  2  3 |
---------------+----------+-----
Axes           | 3 |  3.4
Armour         | 2 |  2.0
Dodging        | 2 |  2.0
Fighting       | |  3.5
Stealth        | |  0.5

Action                   || total
-------------------------++-------
Melee: Hand axe          ||    98
       Kick              ||    16
  Use: Scroll            ||     2
       Potion            ||     1
 Stab: Sleeping          ||     3
Armor: Animal skin       ||    30
Dodge: Dodged            ||   109

Table legend:
 A = Spawn XP
 B = Non-spawn XP
 C = Spawn XP percentage of total XP
 D = Spawn monster count
 E = Non-spawn monster count
 F = Spawn count percentage of total count
 G = Total turns spent on level
                    A         B        C        D         E        F      G
               +---------+---------+-------+---------+---------+-------+---------
         Total |       0 |      69 |   0.0 |       0 |      38 |   0.0 |  1023
               +---------+---------+-------+---------+---------+-------+---------
           D:1 |       0 |      48 |   0.0 |       0 |      31 |   0.0 |   840
           D:2 |       0 |      21 |   0.0 |       0 |       7 |   0.0 |   183
               +---------+---------+-------+---------+---------+-------+---------
